 Dungeon Crawl Stone Soup version 0.30-a0-591-g3c58d2bc28 (webtiles) character file.

Game seed: 6443242533731508592

67 tilp the Covered (level 4, -2/40 HPs)
             Began as a Meteoran Fighter on Jan 4, 2023.
             Slain by an orc
             ... wielding a +0 flail
              (8 damage)
             ... on level 3 of the Dungeon on Jan 5, 2023.
             The game lasted 00:02:48 (522 turns).

tilp the Covered (Meteoran Fighter)                  Turns: 522, Time: 00:02:49

Health: -2/40      AC:  8    Str: 17    XL:     4   Next: 65%
Magic:  5/5        EV: 10    Int: 10    God:
Gold:   38         SH:  5    Dex: 15    Spells: 3/3 levels left

rFire   . . .      SeeInvis .    a - +0 long sword
rCold   . . .      Faith    .    c - +0 buckler
rNeg    . . .      Spirit   .    b - +0 scale mail
rPois   .          Reflect  .    (no helmet)
rElec   .          Harm     .    (no cloak)
rCorr   .          Rampage  .    j - +0 pair of gloves
Will    .....                    (no boots) Stlth
                                 f - amulet of the acrobat
HPRegen 0.26/turn                (no ring)
MPRegen 0.09/turn                (no ring)

@: mighty, glowing
A: sense surroundings 1, otherworldly, glowing, explore regen
a: no special abilities


You were on level 3 of the Dungeon.
You visited 1 branch of the dungeon, and saw 3 of its levels.

You collected 38 gold pieces.

Inventory:

Hand Weapons
 a - a +0 long sword (weapon)
Missiles
 h - 15 stones (quivered)
Armour
 b - a +0 scale mail (worn)
 c - a +0 buckler (worn)
 j - a +0 pair of gloves (worn)
Jewellery
 f - an amulet of the acrobat (around neck)
Scrolls
 g - a scroll of immolation {unknown}
 i - 2 scrolls of identify {unknown}
Potions
 e - a potion of degeneration {unknown}
 k - a potion of mutation {unknown}


   Skills:
 + Level 3.6 Fighting
 + Level 2.9 Long Blades
 - Level 4.0 Armour
 * Level 2.3 Dodging
 + Level 1.0 Stealth
 + Level 3.9 Shields


You had 3 spell levels left.
You didn't know any spells.
Your spell library was empty.

Dungeon Overview and Level Annotations

Branches:
Dungeon (3/15) Zot: 1248

Altars:


Innate Abilities, Weirdness & Mutations

You passively map a small area around you.
You are easily found by Zot.
You glow in the dark.
You regain HP and MP as you explore.


Message History

You barely miss the jackal.
The jackal bites you but does no damage.
A jackal comes into view.
An endoplasm comes into view.
You block the jackal's attack. The jackal attacks as you move away!
The jackal bites you but does no damage.
The orc attacks as you move away! The orc closely misses you.
The jackal barks!
The jackal completely misses you.
You closely miss the jackal. You block the jackal's attack.
You slash the jackal!
You kill the jackal!
You closely miss the orc. The orc hits you but does no damage.
You block the orc's attack. The orc attacks as you move away!
The orc hits you with a +0 short sword.
* * * LOW HITPOINT WARNING * * *
The jackal misses you.
You closely miss the jackal. The jackal barely misses you.
The jackal bites you but does no damage.
You slash the jackal!
You kill the jackal!
You hit the orc.
The orc is almost dead.
The orc closely misses you.
An orc comes into view. It is wielding a +0 mace.
You slash the orc!
You kill the orc!
Your Stealth skill increases to level 1!
You hit the endoplasm.
You kill the endoplasm!
You completely miss the orc.
The orc is almost dead.
The orc hits you with a +0 flail.
* * * LOW HITPOINT WARNING * * *
You closely miss the orc.
The orc is almost dead.
The orc hits you with a +0 flail.
* * * LOW HITPOINT WARNING * * *
You closely miss the orc. The orc hits you with a +0 flail!
You die...

#.# * *#...... ** #.#
###......# , #.#
#......... ,
#.###.#).>..o#
#############.##..†#,
,
.................#†#
################...#
* # * .....##o### ,
*** * ......o@# * * ,
####.#..# , , *
#,#..# , , ,,, , *
.... > , , ** ##.## *
,, * #. * * * #. , ,*
## *


You could see 2 orcs.

Vanquished Creatures
  An orc priest (D:3)
  An adder (D:2)
  2 orcs (D:3)
  An endoplasm (D:3)
  A giant cockroach (D:2)
  3 goblins
  3 hobgoblins
  3 jackals (D:3)
  2 quokkas
  A ball python (D:2)
  2 bats (D:1)
  2 kobolds
  3 rats
25 creatures vanquished.

Notes
Turn   | Place    | Note
-------+----------+-------------------------------------------
     0 | D:1      | tilp the Meteoran Fighter began the quest for the Orb.
     0 | D:1      | Reached XP level 1. HP: 19/19 MP: 2/2
   103 | D:1      | Reached XP level 2. HP: 18/26 MP: 3/3
   197 | D:1      | Reached skill level 1 in Dodging
   354 | D:2      | Reached XP level 3. HP: 13/31 MP: 4/4
   507 | D:3      | Reached skill level 4 in Armour
   507 | D:3      | Reached XP level 4. HP: 6/39 MP: 5/5
   519 | D:3      | Reached skill level 1 in Stealth
   522 | D:3      | Slain by an orc

Illustrated notes

Levels and vault maps discovered:
D:1:      nagdon_arrival_zigzag_paths, layout_loops_corners,
          minmay_tiny_reverse_x
D:2:      wad_crossroads, layout_loops_ring,
          shapermc_ecumenical_altar_totnotflames, serial_shops, shop
D:3:      layout_loops_ring

Skill      XL: |  1  2  3  4 |
---------------+-------------+-----
Dodging        | 1 2 |  2.3
Armour         | 4 |  4.0
Stealth        | 1 |  1.0
Fighting       | |  3.6
Long Blades    | |  2.9
Shields        | |  3.9

Action                   |  1- 3 |  4- 6 || total
-------------------------+-------+-------++-------
Melee: Long sword        |    80 |    12 ||    92
  Use: Potion            |     1 |       ||     1
Armor: Scale mail        |    43 |     4 ||    47
Dodge: Dodged            |    42 |     5 ||    47
Block: Buckler           |    24 |     3 ||    27

Table legend: (Time is in decaauts)
 A = Elapsed time spent in this place.
 B = Non-inter-level travel time spent in this place.
 C = Inter-level travel time spent in this place.
 D = Time resting spent in this place.
 E = Time spent auto-exploring this place.
 F = Levels seen in this place.
 G = Mean time per level.
                   A        B        C        D        E       F      G
               +--------+--------+--------+--------+--------+-----+--------+
         Total |    550 |    496 |     54 |      0 |      0 |   3 |  183.3 |
       Dungeon |    550 |    496 |     54 |      0 |      0 |   3 |  183.3 |
               +--------+--------+--------+--------+--------+-----+--------+

Top non-repeatable levels by time:
     D:1: 297 daAuts
     D:2: 143 daAuts
     D:3: 109 daAuts
